 Dungeon Crawl Stone Soup version 0.30-b1-2-g02819fbbbe (webtiles) character file.

Game seed: 6301001158747288522

189 Plasmagod the Magician (level 5, 0/28 HPs)
             Began as a Gargoyle Earth Elementalist on Nov 15, 2023.
             Slain by an orc
             ... wielding a +0 hand axe
              (3 damage)
             ... on level 1 of the Dungeon.
             The game lasted 00:05:33 (1311 turns).

Plasmagod the Magician (GrEE)                       Turns: 1311, Time: 00:05:34

Health: 0/28       AC:  7    Str: 11    XL:     5   Next: 68%
Magic:  4/12       EV: 12    Int: 18    God:
Gold:   96         SH:  0    Dex: 10    Spells: 13/14 levels left

rFire   . . .        (no weapon)
rCold   . . .        (no shield)
rNeg    + . .        a - +0 robe
rPois   ∞            d - +0 helmet
rElec   +            (no cloak)
rCorr   .            (no gloves)
SInv    .            (no boots)
Will    .....        (no amulet)
Stlth   ++           (no ring)
HPRegen 0.24/turn    (no ring)
MPRegen 0.13/turn

%: no passive effects
@: no status effects
A: sickness immunity, AC +4, negative energy resistance 1, electricity
resistance, torment resistance 1, petrification resistance
a: no special abilities


You were on level 1 of the Dungeon.
You visited 1 branch of the dungeon, and saw 2 of its levels.

You collected 96 gold pieces.

Inventory:

Armour
 a - a +0 robe (worn)
 d - a +0 helmet (worn)
Scrolls
 c - 2 scrolls of poison {unknown}
 g - a scroll of immolation {unknown}
 h - a scroll of enchant weapon {unknown}
 i - a scroll of fog {unknown}
 j - a scroll of identify {unknown}
Potions
 b - a potion of magic
 e - 3 potions of degeneration {unknown}
 f - a potion of heal wounds {unknown}


   Skills:
 - Level 1.6 Dodging
 - Level 2.2 Stealth
 + Level 5.2 Spellcasting
 - Level 0.8 Transmutations
 - Level 3.6 Earth Magic


You had 13 spell levels left.
You knew the following spells:

 Your Spells              Type           Power      Damage    Failure   Level
a - Sandblast             Erth           34%        2d9       3%          1

Your spell library contained the following spells:

 Spells                   Type           Power      Damage    Failure   Level
 Passwall                 Tmut/Erth      10%        N/A       8%          2
 Stone Arrow              Conj/Erth      22%        3d8       19%         3
 Petrify                  Tmut/Erth      12%        N/A       45%         4


Dungeon Overview and Level Annotations

Branches:
Dungeon (2/15)

Altars:

Shops:
D:1 !


Innate Abilities, Weirdness & Mutations

You are immune to sickness and miasma.
Your stone body is resilient. (AC +4)
You are immune to poison.
You resist negative energy. (rN+)
You are resistant to electric shocks. (rElec)
You are resistant to unholy torment.
You are immune to petrification.


Message History

You bump into the rock wall.
You hear some strange, mumbled words.
You are more confused.
You're too confused to move!
Something hits you.
You closely miss something. Something hits you.
You miss something. Something hits you.
You're too confused to move!
Something hits you but does no damage.
You bump into the rock wall.
Something hits you but does no damage.
You miss something. Something hits you but does no damage.
You completely miss something.
You hear some strange, mumbled words.
A puff of flame appears from out of thin air!
The puff of flame hits you!
You bump into the rock wall.
You hear some strange, mumbled words.
Something tries to affect you, but you resist.
You bump into the rock wall.
You feel less confused. Something hits you.
Aiming: Sandblast (safe; 3% risk of failure)
Press: ? - help, Q - select action Shift-Dir - straight line, f/p - orc
Aim: an orc, wielding a +0 hand axe and wearing a +0 chain mail (87% to hit)
The blast of sand hits something but does no damage.
You hear some strange, mumbled words.
A magic dart appears from out of thin air!
The magic dart hits you!
* * * LOW HITPOINT WARNING * * *
Aiming: Sandblast (safe; 3% risk of failure)
Press: ? - help, Q - select action Shift-Dir - straight line, f/p - orc
Aim: an orc, wielding a +0 hand axe and wearing a +0 chain mail (87% to hit)
The blast of sand hits something.
Reactivating autopickup.
You feel a bit more experienced. The orc closely misses you.
Aiming: Sandblast (safe; 3% risk of failure)
Press: ? - help, Q - select action Shift-Dir - straight line, f/p - orc
Aim: an orc, wielding a +0 hand axe and wearing a +0 chain mail (87% to hit)
The blast of sand hits the orc but does no damage.
The orc hits you with a +0 hand axe.
You die...

######### #.......#
#.#####.#############
##########.#..................
#.......##.∩..#.>..######....#
#.............#........##....#
#.......#####o#..#...#)##....#
#...........#@#..............#
#.......###.#.##.....####....#
#.......# #..........#####.###
######### ######.#.......#.# #
#.#..####.#.# # #####.#..#
#.#.### #........# #.#...#
#........####.###.#
#.............###..


You could see an orc.

Vanquished Creatures
  Natasha (thrice) (D:2)
  An orc wizard (D:1)
  3 gnolls
  2 adders (D:2)
  A worm (D:2)
  A dart slug (D:2)
  An orc (D:2)
  4 ball pythons
  2 endoplasms
  2 giant cockroaches (D:1)
  3 goblins
  A hobgoblin (D:1)
  3 jackals
  5 kobolds
  2 quokkas (D:1)
  5 frilled lizards (D:1)
  2 rats (D:1)
41 creatures vanquished.

Vanquished Creatures (others)
  4 plants (D:1)
4 creatures vanquished.

Grand Total: 45 creatures vanquished

Notes
Turn   | Place    | Note
-------+----------+-------------------------------------------
     0 | D:1      | Plasmagod the Gargoyle Earth Elementalist began the quest
                  | for the Orb.
     0 | D:1      | Reached XP level 1. HP: 10/10 MP: 3/3
   241 | D:1      | Found Haxiff's Distillery.
   247 | D:1      | Reached XP level 2. HP: 15/15 MP: 3/5
   709 | D:1      | Reached skill level 3 in Spellcasting
   810 | D:2      | Noticed Natasha
   819 | D:1      | Reached XP level 3. HP: 18/19 MP: 3/7
   855 | D:2      | Killed Natasha
   903 | D:2      | Reached XP level 4. HP: 24/24 MP: 7/9
   950 | D:2      | Reached skill level 4 in Spellcasting
   953 | D:2      | Noticed Natasha
  1036 | D:2      | Killed Natasha
  1037 | D:2      | Reached XP level 5. HP: 15/28 MP: 4/11
  1169 | D:2      | Noticed Natasha
  1178 | D:2      | Killed Natasha
  1243 | D:2      | Reached skill level 5 in Spellcasting
  1311 | D:1      | Slain by an orc

Illustrated notes

Levels and vault maps discovered:
D:1:      roderic_crossed_star, layout_basic, serial_shops, shop,
          serial_bayou_lake_a
D:2:      layout_rooms, uniq_jessica, uniq_natasha, uniq_terence

Skill      XL: |  1  2  3  4  5 |
---------------+----------------+-----
Spellcasting   | 3 4 5 |  5.2
Dodging        | |  1.6
Stealth        | |  2.2
Transmutations | |  0.8
Earth Magic    | |  3.6

Action                     |  1- 3 |  4- 6 || total
---------------------------+-------+-------++-------
  Melee: Unarmed           |       |     4 ||     4
   Cast: Sandblast         |    34 |    46 ||    80
 Armour: Robe              |     1 |    23 ||    24
  Dodge: Dodged            |     6 |    27 ||    33
